 Dungeon Sprint DCSS version 0.30.1-11-g7821555f0a (webtiles) character file.

Game seed: 11278679107490598913

6462 Groucho the Geomancer (level 10, -2/50 HPs)
             Began as a Deep Elf Earth Elementalist on Jan 8, 2024.
             Was a High Priest of Sif Muna.
             Slain by a phantasmal warrior (31 damage)
             ... in the Dungeon (Sprint VII: "The Pits").
             The game lasted 00:17:40 (6231 turns).

Groucho the Geomancer (Deep Elf Earth Elementalist) Turns: 6231, Time: 00:17:40

Health: -2/50      AC: 15    Str:  5    XL:     10   Next: 68%
Magic:  20/28      EV: 10    Int: 25    God:    Sif Muna [*****.]
Gold:   0          SH:  0    Dex: 18    Spells: 25/33 levels left

rFire   . . .        h - +2 dagger
rCold   . . .        (no shield)
rNeg    . . .        r - +5 ring mail
rPois   .            t - +0 helmet
rElec   .            s - +0 cloak
rCorr   .            (no gloves)
SInv    .            (no boots)
Will    .....        (no amulet)
Stlth   +++          m - +3 ring of protection
HPRegen 0.28/turn    n - +3 ring of dexterity
MPRegen 0.21/turn

%: no teleportation
@: weak-willed
A: no striking features
a: Renounce Religion, Channel Magic, Forget Spell, Divine Exegesis


You were in the Dungeon.
You worshipped Sif Muna.
Sif Muna was extremely pleased with you.
You visited 1 branch

Inventory:

Hand Weapons
 h - a +2 dagger (weapon)
 l - a +2 dagger of draining
 q - the +2 rapier of Makhleb's Envy {heavy, Str+3 Int+3}
   (You found it in the Dungeon)

   Str:       It affects your strength (+3).
   Int:       It affects your intelligence (+3).
Armour
 a - a +0 robe
 r - a +5 ring mail (worn)
 s - a +0 cloak (worn)
 t - a +0 helmet (worn)
Jewellery
 m - a +3 ring of protection (left hand)
 n - a +3 ring of dexterity (right hand)
Scrolls
 j - 5 scrolls of amnesia
 k - a scroll of summoning
Potions
 b - 5 potions of magic
 c - 6 potions of curing
 d - 12 potions of heal wounds
 f - 3 potions of berserk rage
 i - a potion of invisibility
 o - a potion of mutation
 p - a potion of brilliance


   Skills:
 - Level 5.0 Short Blades
 + Level 1.6 Armour
 + Level 3.6 Dodging
 - Level 7.0 Stealth
 - Level 12.0 Spellcasting
 + Level 14.1 Conjurations
 - Level 12.0 Transmutations
 + Level 14.5 Earth Magic
 - Level 10.0 Invocations


You had 25 spell levels left.
You knew the following spells:

 Your Spells              Type           Power      Damage    Failure   Level
a - Sandblast             Erth           100%       2d20      1%          1
b - Stone Arrow           Conj/Erth      100%       3d13      1%          3
c - Petrify               Tmut/Erth      69%        N/A       1%          4

Your spell library contained the following spells:

 Spells                   Type           Power      Damage    Failure   Level
 Sting                    Tmut/Pois      100%       1d8       1%          1
 Momentum Strike          Conj/Tloc      100%       3d10      1%          2
 Passwall                 Tmut/Erth      57%        N/A       1%          2
 Hailstorm                Conj/Ice       50%        3d11      3%          3
 Iron Shot                Conj/Erth      36%        9d7       8%          6
 Ignite Poison            Fire/Tmut/Pois 35%        N/A       11%         3
 Ice Form                 Ice/Tmut       45%        N/A       16%         4
 Cigotuvi's Dreadful Rot  Necr/Pois/Air  30%        N/A       26%         2
 Poisonous Vapours        Pois/Air       30%        N/A       26%         2
 Portal Projectile        Hex/Tloc       30%        N/A       47%         3
 Vhi's Electric Charge    Tloc/Air       30%        N/A       47%         3
 Volatile Blastmotes      Fire/Tloc      30%        2d12      47%         3
 Freezing Cloud           Conj/Ice/Air   19%        6-21      58%         5
 Olgreb's Toxic Radiance  Pois           15%        N/A       87%         4
 Eringya's Noxious Bog    Tmut/Pois      22%        N/A       93%         6
 Silence                  Hex/Air        7%         N/A       99%         5
 Summon Forest            Summ/Tloc      7%         N/A       99%         5
 Plasma Beam              Fire/Air       7%         2x1d20    100%        6
 Malign Gateway           Summ/Tloc      7%         N/A       100%        7
 Summon Hydra             Summ           7%         N/A       100%        7


Dungeon Overview and Level Annotations

Branches:
Dungeon (1/1)

Altars:
Ashenzari
Cheibriados
Dithmenos
Elyvilon
Fedhas
Gozag
Hepliaklqana
Kikubaaqudgha
Makhleb
Nemelex Xobeh
Okawaru
Qazlal
Ru
Sif Muna
Trog
Uskayaw
Vehumet
Wu Jian
Xom
Yredelemnul
Zin
The Shining One
Jiyva
Lugonu


Message History

The deep elf zephyrmancer shouts!
Unknown command.
Unknown command.
Unknown command.
Casting: Stone Arrow (safe; 1% risk of failure)
Confirm with . or Enter, or press ? or * to list all spells.
Aiming: Stone Arrow (safe; 1% risk of failure)
Press: ? - help, Shift-Dir - straight line, f - deep elf zephyrmancer, p - phantasmal warrior
Aim: a deep elf zephyrmancer, wielding a +0 short sword of holy wrath and wearing a +0 ring mail (72% to hit)
The stone arrow hits the phantasmal warrior.
The phantasmal warrior is heavily damaged.
The phantasmal warrior hits you!
Your willpower is stripped away!
Unknown command.
Unknown command.
Casting: Stone Arrow (safe; 1% risk of failure)
Confirm with . or Enter, or press ? or * to list all spells.
Aiming: Stone Arrow (safe; 1% risk of failure)
Press: ? - help, Shift-Dir - straight line, f/p - deep elf zephyrmancer
Aim: a deep elf zephyrmancer, wielding a +0 short sword of holy wrath and wearing a +0 ring mail (72% to hit)
The stone arrow hits the phantasmal warrior!
The phantasmal warrior is severely damaged.
The phantasmal warrior hits you!!
Ouch! That really hurt!
* * * LOW HITPOINT WARNING * * *
Unknown command.
Unknown command.
You feel much better.
The deep elf zephyrmancer gestures at you while chanting.
The bolt of lightning hits you!!
* * * LOW HITPOINT WARNING * * *
The phantasmal warrior closely misses you.
The ball python hisses angrily.
You hear a shout! x2
Okay, then.
There is an open door here.
You see here a black mamba skeleton.
You feel much better.
The deep elf zephyrmancer casts a spell.
The deep elf zephyrmancer blinks!
The phantasmal warrior hits you!!
Ouch! That really hurt!
You die...

..##......# .....
..###....## ####...#### ##
..# ##''##
###..'...'.g##.e#
..###....###....##)## ...#
..##..)...#..))##...##....#
####......'....'))...+....+
####......#....##...##....#
[.###....###....##'## ...#
..# ##''## ###..@.S.+ #.H#
))###....## ####W..# ##
).##......# #..e....#
))##......# #.........#
########### ###########


You could see a phantasmal warrior, a deep elf zephyrmancer and a ball python.

Vanquished Creatures
  A bog body (D)
  A black mamba (D)
  A gargoyle (D)
  A molten gargoyle (D)
  A polar bear (D)
  Grinder (D)
  A snapping turtle (D)
  6 dream sheep (D)
  6 blink frogs (D)
  2 jumping spiders (D)
  An air elemental (D)
  A shadow (D)
  A basilisk (D)
  2 vampire mosquitoes (D)
  A warg (D)
  A floating eye (D)
  9 wolves (D)
  2 ogres (D)
  An orc priest (D)
  3 orc wizards (D)
  A hell rat (D)
  2 gnolls (D)
  2 adders (D)
  2 worms (D)
  4 orcs (D)
  A bat (D)
  2 bat zombies (D)
  A giant cockroach (D)
  A goblin (D)
  A hobgoblin (D)
  A kobold (D)
  A ball python (D)
  A frilled lizard (D)
  A quokka zombie (D)
64 creatures vanquished.

Notes
Turn   | Place    | Note
-------+----------+-------------------------------------------
     0 | D        | Groucho the Deep Elf Earth Elementalist began the quest for
                  | the Orb.
     0 | D        | Reached XP level 1. HP: 10/10 MP: 6/6
    37 | D        | Found a glowing golden altar of the Shining One.
    37 | D        | Found a glowing silver altar of Zin.
    37 | D        | Found a basalt altar of Yredelemnul.
    37 | D        | Found a shimmering altar of Xom.
    37 | D        | Found an ornate altar of the Wu Jian Council.
    37 | D        | Found a bloodstained altar of Trog.
    37 | D        | Found a shimmering blue altar of Sif Muna.
    37 | D        | Found a sacrificial altar of Ru.
    37 | D        | Found a stormy altar of Qazlal.
    37 | D        | Found an iron altar of Okawaru.
    37 | D        | Found a sparkling altar of Nemelex Xobeh.
    37 | D        | Found a burning altar of Makhleb.
    37 | D        | Found a viscous altar of Jiyva.
    37 | D        | Found a hazy altar of Hepliaklqana.
    37 | D        | Found an opulent altar of Gozag.
    37 | D        | Found a blossoming altar of Fedhas.
    37 | D        | Found a white marble altar of Elyvilon.
    37 | D        | Found a shadowy altar of Dithmenos.
    37 | D        | Found a snail-covered altar of Cheibriados.
    38 | D        | Found a radiant altar of Vehumet.
    38 | D        | Found a corrupted altar of Lugonu.
    39 | D        | Found an ancient bone altar of Kikubaaqudgha.
    39 | D        | Found a hide-covered altar of Uskayaw.
    39 | D        | Found a broken altar of Ashenzari.
    43 | D        | Became a worshipper of Sif Muna the Loreminder
    55 | D        | Reached skill level 1 in Conjurations
   316 | D        | Reached * piety under Sif Muna
   317 | D        | Reached skill level 1 in Invocations
   477 | D        | Reached XP level 2. HP: 15/15 MP: 4/8
   910 | D        | Reached ** piety under Sif Muna
  1321 | D        | Reached XP level 3. HP: 19/19 MP: 8/10
  1436 | D        | Reached skill level 5 in Earth Magic
  1453 | D        | Reached *** piety under Sif Muna
  1473 | D        | Reached skill level 5 in Spellcasting
  1473 | D        | Reached XP level 4. HP: 23/24 MP: 7/13
  1697 | D        | Learned a level 3 spell: Stone Arrow
  1698 | D        | Reached **** piety under Sif Muna
  1730 | D        | Reached skill level 5 in Conjurations
  1912 | D        | Learned a level 4 spell: Petrify
  1927 | D        | Noticed a warg
  1931 | D        | Killed a warg
  1932 | D        | Reached XP level 5. HP: 28/28 MP: 8/16
  1987 | D        | Noticed a basilisk
  1990 | D        | Killed a basilisk
  1991 | D        | Reached skill level 5 in Transmutations
  1991 | D        | Reached skill level 5 in Invocations
  1991 | D        | Reached XP level 6. HP: 32/32 MP: 7/18
  2359 | D        | Noticed a floating eye
  2361 | D        | Killed a floating eye
  2363 | D        | Reached ***** piety under Sif Muna
  2364 | D        | Reached XP level 7. HP: 36/36 MP: 6/20
  2365 | D        | Received a gift from Sif Muna
  2492 | D        | Noticed Grinder
  2492 | D        | Noticed a snapping turtle
  2492 | D        | Noticed a blink frog
  2504 | D        | Killed Grinder
  2505 | D        | Reached skill level 10 in Earth Magic
  2792 | D        | Noticed a blink frog
  2815 | D        | Killed a snapping turtle
  2816 | D        | Reached skill level 10 in Conjurations
  2816 | D        | Reached XP level 8. HP: 41/41 MP: 7/23
  2994 | D        | Noticed a blink frog
  3007 | D        | Killed a blink frog
  3014 | D        | Killed a blink frog
  3019 | D        | Killed a blink frog
  3020 | D        | Reached skill level 10 in Spellcasting
  3330 | D        | Got the +2 rapier of Makhleb's Envy {heavy, Str+3 Int+3}
  3414 | D        | Noticed a molten gargoyle
  3415 | D        | Received a gift from Sif Muna
  3419 | D        | Reached skill level 1 in Short Blades
  3423 | D        | Killed a molten gargoyle
  3424 | D        | Reached XP level 9. HP: 34/45 MP: 1/25
  3757 | D        | Paralysed by an air elemental for 1 turns
  3776 | D        | Reached skill level 5 in Stealth
  3855 | D        | Received a gift from Sif Muna
  3859 | D        | Got Sif Muna's Book of the Metallic Glacier {god gift}
  4210 | D        | Noticed a gargoyle
  4242 | D        | Killed a gargoyle
  4569 | D        | Noticed a bog body
  4581 | D        | Killed a bog body
  4581 | D        | Received a gift from Sif Muna
  4582 | D        | Reached skill level 5 in Short Blades
  4582 | D        | Reached skill level 10 in Transmutations
  4582 | D        | Reached XP level 10. HP: 50/50 MP: 11/28
  4582 | D        | Got Sif Muna's Textbook on Transposition {god gift}
  4835 | D        | Reached skill level 10 in Invocations
  5001 | D        | Received a gift from Sif Muna
  5017 | D        | Received a gift from Sif Muna
  5018 | D        | Got Sif Muna's Catalogue of Clouds and the Sun {god gift}
  5612 | D        | Noticed a deep elf pyromancer
  5612 | D        | Noticed a minotaur
  5907 | D        | Noticed a black mamba
  5914 | D        | Killed a black mamba
  5915 | D        | Reached skill level 1 in Armour
  6225 | D        | Noticed a phantasmal warrior
  6225 | D        | Noticed a deep elf zephyrmancer
  6231 | D        | Slain by a phantasmal warrior

Illustrated notes

Levels and vault maps discovered:
D:        pitsprint [storerooms_1, entrance_room_1, metal_vault_2, armoury_1,
          mini_pit_1, grid_room_1, main_hall_1, silver_pit, the_coven_3,
          the_vestibule_1, steel_vault_1, golden_pit, hallway_of_sentries,
          crystal_vault_5, iron_vault_1, final_vault]

Skill      XL: |  1  2  3  4  5  6  7  8  9 10 |
---------------+-------------------------------+-----
Conjurations   | 2 3 4 6 7 8 10 11 12 14 | 14.1
Invocations    | 1 2 3 4 5 6 7 8 9 10 | 10.0
Transmutations | 2 3 4 5 6 7 8 10 12 | 12.0
Earth Magic    | 4 6 7 8 9 10 12 14 | 14.5
Spellcasting   | 4 5 6 7 8 9 10 12 | 12.0
Short Blades   | 2 5 |  5.0
Stealth        | 4 7 |  7.0
Armour         | 1 |  1.6
Dodging        | 3 |  3.6

Action                     |  1- 3 |  4- 6 |  7- 9 | 10-12 || total
---------------------------+-------+-------+-------+-------++-------
  Melee: Dagger            |     2 |       |     7 |     1 ||    10
   Cast: Sandblast         |    22 |     3 |    10 |     4 ||    39
         Stone Arrow       |       |    12 |    49 |    41 ||   102
         Petrify           |       |       |     3 |       ||     3
 Invoke: Channel Magic     |       |       |     1 |     2 ||     3
    Use: Potion            |       |       |     3 |     5 ||     8
         Scroll            |       |       |     1 |       ||     1
   Stab: Sleeping          |     1 |       |       |       ||     1
         Petrified         |       |       |     7 |       ||     7
 Armour: Robe              |     3 |       |       |       ||     3
         Ring mail         |       |       |    33 |    21 ||    54
  Dodge: Dodged            |    14 |     1 |    38 |    13 ||    66
